 Dungeon Crawl Stone Soup version 0.22.0 (webtiles) character file.

249384 Deemzul the Severer (level 19, -6/152 HPs)
             Began as a Demonspawn Fighter on Aug 12, 2018.
             Was a High Priest of Okawaru.
             Hit by a large rock thrown by a stone giant (34 damage)
             ... on level 2 of the Depths.
             The game lasted 01:22:08 (37254 turns).

Deemzul the Severer (Demonspawn Fighter)           Turns: 37254, Time: 01:22:08

Health: -6/152     AC: 16    Str: 26    XL:     19   Next: 27%
Magic:  0/28       EV: 25    Int: 21    God:    Okawaru [*****.]
Gold:   499        SH: 13    Dex: 23    Spells: 18/18 levels left

rFire    + + .     SeeInvis +   X - +2 broad axe "Siaxeabi" {freeze, Int+3}
rCold    + + .     Gourm    .   W - +3 buckler "Xuihaweken" {Dex+3 SInv}
rNeg     + + +     Faith    .   L - +6 scale mail of Ujoatoud {Dex+5}
rPois    +         Spirit   +   Y - -2 hat of the Alchemist {rElec rPois rF+ rC+ rN+ MR+ rMut rCorr}
rElec    +         Reflect  .   R - scarf {rC+ rF+}
rCorr    +         Harm     .   (gloves unavailable)
rMut     +                      k - +0 pair of boots of the Gravedigger {rN++ rCorr Int+3 Dex-4}
MR       ++...                  x - amulet of Wonder {Fragile rPois rN+ Regen+ Int+4}
Stlth    ++........             y - +3 ring of strength
HPRegen  0.75/turn              V - +6 ring of dexterity
MPRegen  0.42/turn

@: heroism
A: claws 3, demonic guardian 2, augmentation 1, magic shield, magic
regeneration, sturdy frame 3
}: 1/15 runes: serpentine
a: Heroism, Finesse, Renounce Religion


You were on level 2 of the Depths.
You worshipped Okawaru.
Okawaru was extremely pleased with you.
You were not hungry.

You visited 7 branches of the dungeon, and saw 31 of its levels.
You visited 1 bazaar.
You also visited: Labyrinth, Ossuary and Ice Cave.

You collected 3170 gold pieces.
You spent 2671 gold pieces at shops.

Inventory:

Hand Weapons
 C - a +3 broad axe of chopping
 P - a +0 scimitar of flaming
 X - the +2 broad axe "Siaxeabi" (weapon) {freeze, Int+3}
   (Okawaru gifted it to you on level 10 of the Dungeon)

   It has been specially enchanted to freeze those struck by it, causing extra
   injury to most foes and up to half again as much damage against particularly
   susceptible opponents.
   It can also slow down cold-blooded creatures.
   It affects your intelligence (+3).
Armour
 k - the +0 pair of boots of the Gravedigger (worn) {rN++ rCorr Int+3 Dex-4}
   (You bought it in a shop in a bazaar)

   It affects your intelligence (+3).
   It affects your dexterity (-4).
   It greatly protects you from negative energy.
   It provides partial protection from all sources of acid and corrosion.
 L - the +6 scale mail of Ujoatoud (worn) {Dex+5}
   (You found it on level 9 of the Dungeon)

   It affects your dexterity (+5).
 R - a scarf of resistance (worn)
 W - the +3 buckler "Xuihaweken" (worn) {Dex+3 SInv}
   (You found it on level 13 of the Dungeon)

   It affects your dexterity (+3).
   It lets you see invisible.
 Y - the -2 hat of the Alchemist (worn) {rElec rPois rF+ rC+ rN+ MR+ rMut rCorr}
   (You bought it in a shop on level 12 of the Dungeon)

   It protects you from fire.
   It protects you from cold.
   It insulates you from electricity.
   It protects you from poison.
   It protects you from negative energy.
   It affects your resistance to hostile enchantments.
   It provides partial protection from all sources of acid and corrosion.
   It protects you from mutation.
Jewellery
 n - an uncursed ring of protection from cold
 x - the amulet of Wonder (around neck) {Fragile rPois rN+ Regen+ Int+4}
   (You bought it in a shop on level 4 of the Dungeon)

   [amulet of regeneration]

   It affects your intelligence (+4).
   It protects you from poison.
   It protects you from negative energy.
   It increases your rate of regeneration.
   It will be destroyed if unequipped.
 y - a +3 ring of strength (left claw)
 V - a +6 ring of dexterity (right claw)
Wands
 a - a wand of scattershot (5)
 e - a wand of iceblast (6)
 h - a wand of clouds (12)
 u - a wand of random effects (18)
 w - a wand of polymorph (19)
 G - a wand of flame (59)
 K - a wand of digging (9)
 M - a wand of acid (12)
 O - a wand of disintegration (17)
 S - a wand of enslavement (7)
 T - a wand of paralysis (32)
Scrolls
 b - a scroll of brand weapon
 g - 9 scrolls of teleportation
 i - 3 scrolls of summoning
 j - 11 scrolls of enchant armour
 l - 8 scrolls of magic mapping
 m - 9 scrolls of amnesia
 q - 5 scrolls of blinking
 t - 2 scrolls of fog
 D - 16 scrolls of remove curse
 F - 2 scrolls of identify
 J - 4 scrolls of torment
 N - a scroll of silence
 U - 5 scrolls of fear
Potions
 c - 3 potions of invisibility
 d - 6 potions of might
 o - 3 potions of mutation
 p - 3 potions of agility
 r - 6 potions of flight
 s - 11 potions of haste
 z - 13 potions of curing
 A - a potion of magic
 B - 4 potions of heal wounds
 E - 5 potions of cancellation
 I - 3 potions of resistance
 Q - a potion of berserk rage
Miscellaneous
 Z - a phial of floods (inert)
Comestibles
 f - 48 rations
 v - 4 chunks of flesh


   Skills:
 + Level 14.2(19.2) Fighting
 * Level 17.5(22.5) Axes
 + Level 13.1(18.1) Armour
 + Level 11.0(16.0) Dodging
 + Level 13.2(18.2) Shields
 - Level 8.4 Invocations
 + Level 12.1 Evocations


You had 18 spell levels left.
You didn't know any spells.
Your spell library contained the following spells:

 Spells                   Type           Power        Failure   Level  Hunger
 Cause Fear               Hex            #.........   88%         4    #####..
 Magic Dart               Conj           #...         19%         1    ##.....
 Fireball                 Conj/Fire      #.........   99%         5    ######.
 Apportation              Tloc           #.....       19%         1    ##.....
 Conjure Flame            Conj/Fire      #.......     50%         3    ####...
 Bolt of Cold             Conj/Ice       #.........   100%        6    #######
 Lightning Bolt           Conj/Air       #.........   99%         5    ######.
 Bolt of Magma            Conj/Fire/Erth #.........   99%         5    ######.
 Slow                     Hex            #.......     28%         2    ###....
 Throw Flame              Conj/Fire      #.....       28%         2    ###....
 Throw Frost              Conj/Ice       #.....       28%         2    ###....
 Freezing Cloud           Conj/Ice/Air   #.........   100%        6    #######
 Mephitic Cloud           Conj/Pois/Air  #.......     50%         3    ####...
 Ring of Flames           Chrm/Fire      #.........   100%        7    #######
 Venom Bolt               Conj/Pois      #.........   99%         5    ######.
 Summon Small Mammal      Summ           #...         19%         1    ##.....
 Blink                    Tloc           N/A          28%         2    ###....
 Animate Dead             Necr           N/A          88%         4    #####..
 Pain                     Necr           #...         19%         1    ##.....
 Animate Skeleton         Necr           N/A          19%         1    ##.....
 Vampiric Draining        Necr           #.........   50%         3    ####...
 Ozocubu's Refrigeration  Ice            #.........   100%        6    #######
 Sticky Flame             Conj/Fire      #.......     88%         4    #####..
 Call Imp                 Summ           #.......     28%         2    ###....
 Regeneration             Chrm/Necr      #.........   50%         3    ####...
 Iron Shot                Conj/Erth      #.........   100%        6    #######
 Stone Arrow              Conj/Erth      #.....       50%         3    ####...
 Ice Form                 Ice/Tmut       #.......     88%         4    #####..
 Confusing Touch          Hex            #.....       19%         1    ##.....
 Flame Tongue             Conj/Fire      #....        19%         1    ##.....
 Passwall                 Tmut/Erth      #.......     28%         2    ###....
 Metabolic Englaciation   Hex/Ice        #.........   99%         5    ######.
 Corona                   Hex            #......      19%         1    ##.....
 Lee's Rapid Deconstruct  Erth           #.........   99%         5    ######.
 Sandblast                Erth           #.....       19%         1    ##.....
 Simulacrum               Ice/Necr       #.........   100%        6    #######
 Portal Projectile        Hex/Tloc       #.....       50%         3    ####...
 Petrify                  Tmut/Erth      #.......     88%         4    #####..
 Orb of Destruction       Conj           #.........   100%        7    #######
 Leda's Liquefaction      Hex/Erth       #.........   88%         4    #####..
 Shroud of Golubria       Chrm/Tloc      #.........   28%         2    ###....
 Inner Flame              Hex/Fire       #.......     50%         3    ####...
 Iskenderun's Battlesphe  Conj/Chrm      #.......     99%         5    ######.
 Infusion                 Chrm           #...         19%         1    ##.....
 Song of Slaying          Chrm           #.......     28%         2    ###....
 Spectral Weapon          Hex/Chrm       #.......     50%         3    ####...
 Spellforged Servitor     Conj/Summ      #.........   100%        7    #######
 Poisonous Vapours        Pois/Air       #.....       28%         2    ###....


Dungeon Overview and Level Annotations

Branches:
Dungeon (15/15)            Temple (0/1) D:7            Lair (6/6) D:9
 Shoals (0/4) Lair:2        Snake (4/4) Lair:4        Slime (0/5) Lair:6
    Orc (2/2) D:11            Elf (0/3) Orc:2        Vaults (1/5) D:14
 Depths (2/5) D:15           Hell (1/1)
    Dis: Hell:1         Geh: Hell:1         Coc: Hell:1         Tar: Hell:1

Altars:
Ashenzari
Dithmenos
Elyvilon
Hepliaklqana
Kikubaaqudgha
Nemelex Xobeh
Okawaru
Ru
Sif Muna
Trog
Uskayaw
Xom
Yredelemnul
The Shining One
Beogh
Jiyva

Shops:
D:4 *   D:5 =   D:10 [   D:12 [   D:13 =%[   Orc:2 *?(%   Snake:2 }==
Snake:3 [}[   Snake:4 (   Vaults:1 ?:

Portals:
Hell: Depths:1
Abyss: Depths:1 Depths:2
Pandemonium: Depths:1

Annotations:
D:5 Prince Ribbit
D:13 2 runed doors
Hell Geryon


Innate Abilities, Weirdness & Mutations

You have claws for hands.
A demonic guardian rushes to your aid.
Your magical and physical power is slightly enhanced at high health.
When hurt, damage is shared between your health and your magic reserves.
You regenerate magic rapidly.
Your movements are significantly less encumbered by armour. (ER -6)


Message History

The fire dragon is severely wounded.
You slash the fire dragon! You freeze the fire dragon!
The fire dragon is almost dead.
The fire dragon bites you but does no damage.
You block the fire dragon's attack. The fire dragon barely misses you.
You slash the fire dragon! You freeze the fire dragon.
You kill the fire dragon!
Okawaru accepts your kill.
You start resting.
The stone giant is too close now for your liking.
The stone giant throws a large rock.
The large rock hits you!!!
* * * LOW HITPOINT WARNING * * *
You see here a large rock.
The stone giant throws a large rock.
The large rock hits your ice devil!
The stone giant throws a large rock.
The large rock hits your ice devil!!
A large rock appears from out of your range of vision.
The large rock hits your ice devil!!!
Your ice devil dies!
The stone giant throws a large rock.
The large rock hits you!!!
You die...

###########
..........#####
........(C....##### #
..........###...@.# ###
C......(..#######.......
#..
######(####.....########
+.. ..'..C....'.....'<#
#. ###.......#########
#. #.......####.### #. #
. #.......#.......
####.#
..#...(.).#.......
...#..###
..###'''###.......
....#.#..


You could see a stone giant.

Vanquished Creatures
  Vashnia (Snake:4)
  Asterion (Snake:1)
  3 sphinxes
  Gastronok (D:12)
  9 nagarajas
  2 fire giants (Depths:1)
  2 vault wardens (Vaults:1)
  2 frost giants
  A cacodemon (Depths:1)
  4 stone giants
  A very ugly thing (Depths:1)
  An entropy weaver (Vaults:1)
  A minotaur (Lab)
  13 ettins
  2 fire dragons
  Josephine (D:14)
  Harold (D:8)
  A great orb of eyes (Depths:2)
  4 vault guards (D:14)
  3 ice dragons
  3 death knights
  5 catoblepae
  21 naga warriors
  8 hydras
  3 ogre magi
  The ghost of Shaidar the Cleaver, a novice MiBe of Trog (D:10)
  An anaconda (shapeshifter) (Depths:1)
  19 two-headed ogres
  2 deep troll shamans
  7 anacondas
  14 death yaks
  3 tengu warriors
  2 deep troll earth magi
  5 centaur warriors
  3 orc high priests (Orc:2)
  17 naga sharpshooters
  A vampire mage (D:15)
  A shock serpent (Snake:4)
  Urug (D:12)
  Sonja (D:12)
  A sun demon (Depths:1)
  2 deep elf knights (Vaults:1)
  2 salamander mystics (Snake:3)
  A fire crab (Lair:6)
  2 skeletal warriors (D:15)
  A sixfirhy (Depths:1)
  An iron troll (Depths:1)
  6 unseen horrors
  6 deep trolls
  8 naga ritualists
  The ghost of Drachen the Nimble, a novice OpFi of Nemelex Xobeh (D:8)
  A deep elf archer (Vaults:1)
  4 deep elf magi
  3 phantasmal warriors
  9 orc knights
  2 ironbrand convokers (Vaults:1)
  7 mana vipers
  Pikel (D:8)
  2 lindwurms
  A necromancer (D:15)
  6 orc sorcerers
  An elephant (shapeshifter) (D:15)
  16 ugly things
  11 salamanders
  2 wolf spiders
  5 cyclopes
  A frost giant zombie (D:15)
  2 elephants (Lair:5)
  3 guardian serpents (Snake:3)
  4 manticores
  33 black mambas
  An ice statue (IceCv)
  23 naga magi
  A guardian serpent (shapeshifter) (D:15)
  5 vault sentinels (Vaults:1)
  10 spiny frogs
  2 kobold demonologists (D:15)
  9 rime drakes
  A spriggan skeleton (D:15)
  An efreet (D:14)
  2 gargoyles
  5 freezing wraiths
  A yaktaur (shapeshifter) (Depths:1)
  14 yaktaurs
  9 komodo dragons
  A hellwing (Depths:1)
  A red devil (Depths:1)
  3 ice devils
  A queen bee (Lair:5)
  14 trolls
  4 meliai
  5 tengu conjurers
  16 polar bears
  A hornet (D:12)
  9 slime creatures
  30 blink frogs
  An ettin zombie (D:15)
  11 hippogriffs
  A slime creature (shapeshifter) (Depths:1)
  2 redbacks (Vaults:1)
  Sigmund (D:2)
  3 shadows
  A vampire (D:14)
  A tarantella (Vaults:1)
  15 wraiths
  A fire dragon skeleton (D:15)
  2 wyverns
  2 hogs (shapeshifter)
  A water elemental (D:14)
  71 yaks
  A basilisk (shapeshifter) (Depths:1)
  6 basilisks
  Grum (Lair:1)
  4 fire bats (D:11)
  10 vampire mosquitoes
  Edmund (D:5)
  56 nagas
  21 water moccasins
  4 wargs
  3 acid dragons
  8 porcupines
  A hell hound (D:11)
  26 orc warriors
  2 black bears
  An eye of draining (D:15)
  5 sky beasts
  5 ice beasts
  14 ogres
  A slave (D:8)
  30 wolves
  A boggart (D:14)
  11 centaurs
  20 crocodiles
  18 bullfrogs
  A wyvern skeleton (D:14)
  3 scorpions
  A water moccasin zombie (Ossuary)
  33 killer bees
  7 electric eels
  A howler monkey (D:5)
  2 lava snakes (D:11)
  9 crimson imps
  4 centaur zombies
  A bullfrog zombie (D:12)
  2 quasits (Depths:1)
  7 hounds
  An iron imp (Depths:1)
  4 jellies
  22 orc priests
  Crazy Yiuf (D:5)
  5 centaur skeletons
  22 orc wizards
  5 bullfrog skeletons
  4 iguanas
  6 hell rats
  10 worker ants
  A big kobold zombie (Ossuary)
  A bullfrog simulacrum (D:10)
  4 hound zombies
  3 hound skeletons
  2 mummies (Ossuary)
  A worker ant zombie (D:8)
  5 river rats (Lair:4)
  19 adders
  A shadow imp (Depths:1)
  6 white imps
  An ooze (D:1)
  An ufetubus (Depths:1)
  9 adder zombies
  An adder skeleton (D:4)
  3 worms
  3 dart slugs
  6 leopard geckos
  88 orcs
  7 giant cockroaches
  4 gnoll zombies (Ossuary)
  12 goblins
  4 hobgoblins
  13 jackals
  11 kobolds
  5 quokkas
  2 ball pythons
  9 bats
  4 frilled lizards
  A goblin zombie (D:6)
  6 hobgoblin zombies (Ossuary)
  2 jackal skeletons
  8 kobold zombies (Ossuary)
  7 orc zombies (Ossuary)
  2 quokka zombies
  11 rats
  A rat zombie (D:6)
  2 fire vortices (D:11)
  3 fungi (Lair:1)
  2 plants (Lair:5)
  2 withered plants (D:15)
1273 creatures vanquished.

Vanquished Creatures (collateral kills)
  An ettin (Depths:2)
  A hydra (Lair:6)
  A centaur warrior (D:13)
  A two-headed ogre (D:12)
  2 death yaks (Depths:2)
  2 naga sharpshooters (Snake:4)
  A naga ritualist (Snake:1)
  2 mana vipers (Snake:1)
  A cyclops (D:14)
  3 black mambas (Snake:1)
  A centaur zombie (D:14)
  A polar bear (IceCv)
  A troll (D:9)
  Grinder (D:6)
  A spriggan (D:7)
  Eustachio (D:5)
  4 yaks
  Menkaure (D:7)
  4 nagas
  2 hungry ghosts
  A water moccasin (Lair:4)
  2 orc warriors (Orc:2)
  A black bear (D:6)
  A wolf (IceCv)
  A centaur (D:10)
  A bullfrog (D:7)
  A killer bee (D:8)
  2 orc priests
  An orc wizard (Orc:1)
  A hound zombie (D:5)
  A river rat (Lair:4)
  2 shadow imps
  3 orcs
  A kobold (D:15)
  A withered plant (D:15)
52 creatures vanquished.

Vanquished Creatures (others)
  An ironheart preserver (Vaults:1)
  A deep troll (Vaults:1)
  A polar bear (IceCv)
  A naga (Snake:2)
  An orc warrior (Snake:3)
  A wolf (IceCv)
  A fire vortex (D:11)
  9 fungi
  4 plants (Lair:6)
  6 withered plants (D:15)
26 creatures vanquished.

Grand Total: 1351 creatures vanquished

Notes
Turn   | Place    | Note
-------+----------+-------------------------------------------
     0 | D:1      | Deemzul the Demonspawn Fighter began the quest for the Orb.
     0 | D:1      | Reached XP level 1. HP: 18/18 MP: 1/1
    57 | D:1      | Reached skill level 2 in Axes
    73 | D:1      | Gained mutation: A weak demonic guardian rushes to your aid. [demonic ancestry]
    73 | D:1      | Reached XP level 2. HP: 23/24 MP: 2/2
   362 | D:1      | Reached XP level 3. HP: 26/29 MP: 3/3
   687 | D:2      | Noticed Sigmund
  1010 | D:2      | Found a shimmering altar of Xom.
  1208 | D:3      | Gained mutation: When hurt, damage is shared between your health and your magic reserves. [demonic ancestry]
  1208 | D:3      | Reached XP level 4. HP: 35/35 MP: 4/4
  1264 | D:2      | Found a glowing golden altar of the Shining One.
  1264 | D:2      | Found a shattered altar of Ashenzari.
  1268 | D:2      | Found a hazy altar of Hepliaklqana.
  1603 | D:3      | Reached skill level 3 in Axes
  1954 | D:2      | Found a hide-covered altar of Uskayaw.
  2141 | D:4      | Found Kiqat's Assorted Antiques.
  2186 | D:4      | Gained mutation: You regenerate magic rapidly. [demonic ancestry]
  2186 | D:4      | Reached XP level 5. HP: 38/42 MP: 5/5
  2223 | D:4      | Found a basalt altar of Yredelemnul.
  2677 | D:4      | Gained mutation: Your movements are slightly less encumbered by armour. (ER -2) [demonic ancestry]
  2677 | D:4      | Reached XP level 6. HP: 24/48 MP: 4/6
  3020 | D:5      | Entered Level 5 of the Dungeon
  3032 | D:5      | Noticed a sky beast
  3033 | D:5      | Reached skill level 4 in Axes
  3044 | D:5      | Killed a sky beast
  3076 | D:5      | Noticed Eustachio
  3129 | D:5      | Killed Eustachio
  3309 | D:5      | Gained mutation: You have sharp fingernails. [demonic ancestry]
  3309 | D:5      | Reached XP level 7. HP: 50/55 MP: 5/7
  3320 | D:5      | Found Ciosan's Jewellery Boutique.
  3321 | D:5      | Noticed Edmund
  3387 | D:5      | Killed Edmund
  3638 | D:4      | Bought a steaming brass amulet for 145 gold pieces
  3638 | D:4      | Identified the amulet of Wonder {Fragile rPois rN+ Regen+ Int+4} (You bought it in a shop on level 4 of the Dungeon)
  3715 | D:5      | Reached skill level 5 in Axes
  3857 | D:5      | Noticed Prince Ribbit
  4043 | D:5      | Found a runed door.
  4406 | D:6      | Found an iron altar of Okawaru.
  4413 | D:6      | Became a worshipper of Warmaster Okawaru
  4570 | D:6      | Found a sand-covered staircase.
  4580 | D:6      | Found a bloodstained altar of Trog.
  4585 | Ossuary  | Entered an ossuary
  4684 | Ossuary  | Reached skill level 1 in Invocations
  4832 | D:6      | Reached skill level 5 in Fighting
  4833 | D:6      | Reached XP level 8. HP: 46/62 MP: 7/9
  4965 | D:6      | Found a sacrificial altar of Ru.
  5077 | D:6      | Noticed Grinder
  5085 | D:6      | Paralysed by Grinder for 4 turns
  5086 | D:6      | Killed Grinder
  5086 | D:6      | Reached * piety under Okawaru
  5086 | D:6      | Reached skill level 6 in Axes
  6076 | D:2      | Reached skill level 5 in Armour
  6147 | D:2      | Reached skill level 5 in Shields
  6303 | D:2      | Killed Sigmund
  6460 | D:4      | Bought a green potion for 26 gold pieces
  6460 | D:4      | Bought a black potion for 26 gold pieces
  6461 | D:4      | Reached skill level 8 in Axes
  6461 | D:4      | Gained mutation: You have very sharp fingernails. [demonic ancestry]
  6461 | D:4      | Reached XP level 9. HP: 72/72 MP: 10/14
  6833 | D:5      | Noticed Crazy Yiuf
  6838 | D:5      | Killed Crazy Yiuf
  7183 | D:7      | Found a staircase to the Ecumenical Temple.
  7217 | D:7      | Noticed Menkaure
  7225 | D:7      | Killed Menkaure
  7225 | D:7      | Reached ** piety under Okawaru
  7539 | D:7      | Found a roughly hewn altar of Beogh.
  7593 | D:7      | Gained mutation: Your movements are less encumbered by armour. (ER -4) [demonic ancestry]
  7593 | D:7      | Reached XP level 10. HP: 75/79 MP: 13/15
  7761 | D:8      | Found a deep blue altar of Sif Muna.
  7778 | D:8      | Reached skill level 9 in Axes
  7959 | D:8      | Reached *** piety under Okawaru
  8257 | D:8      | Noticed Pikel
  8267 | D:8      | Killed Pikel
  8453 | D:8      | Noticed Harold
  8454 | D:8      | Found a runed gate.
  8454 | D:8      | Found a runed gate.
  8455 | D:8      | Found a runed gate.
  8486 | D:8      | Killed Harold
  8542 | D:8      | Noticed Drachen's ghost (novice OpFi)
  8677 | D:9      | Found a white marble altar of Elyvilon.
  8764 | D:10     | Entered Level 10 of the Dungeon
  8777 | D:10     | Reached **** piety under Okawaru
  8825 | D:10     | Found a runed gate.
  8825 | D:10     | Found a runed gate.
  8825 | D:10     | Found a runed gate.
  8854 | D:10     | Noticed Shaidar's ghost (novice MiBe)
  8979 | D:10     | Found Jerew's Antique Armour Shoppe.
  8987 | D:10     | Bought a glowing scarf for 232 gold pieces
  9093 | D:10     | Reached ***** piety under Okawaru
  9171 | D:10     | Reached XP level 11. HP: 85/86 MP: 17/17
  9255 | D:9      | Found a sparkling altar of Nemelex Xobeh.
  9492 | D:9      | Got a garnet-encrusted scale mail
  9509 | D:9      | Identified the +6 scale mail of Ujoatoud {Dex+5} (You found it on level 9 of the Dungeon)
  9853 | D:9      | Found an ancient bone altar of Kikubaaqudgha.
 10035 | D:9      | Found a staircase to the Lair.
 10702 | D:11     | Reached skill level 10 in Axes
 10726 | D:11     | You fall through a shaft!
 10762 | D:11     | Noticed a death knight
 10762 | D:11     | Noticed a phantasmal warrior
 10790 | D:12     | Found a labyrinth entrance.
 10808 | Lab      | Entered a labyrinth
 11111 | Lab      | Noticed a minotaur
 11170 | Lab      | Killed a minotaur
 11170 | Lab      | Reached skill level 1 in Evocations
 11198 | Lab      | Got a dazzling cloak
 11198 | Lab      | Got a jewelled chain mail
 11207 | D:12     | Noticed a two-headed ogre
 11216 | D:12     | Killed a two-headed ogre
 11257 | D:12     | Found a frozen archway.
 11298 | IceCv    | Entered an ice cave
 11345 | IceCv    | Identified the +0 cloak "Putiak" {rF+} (You found it in a labyrinth)
 11354 | IceCv    | Identified the +0 chain mail of Terror {rElec rC- MR+ Regen+ Int+3} (You found it in a labyrinth)
 11527 | IceCv    | Received a gift from Okawaru
 11572 | IceCv    | Reached ****** piety under Okawaru
 11813 | IceCv    | Noticed a frost giant
 11829 | IceCv    | Gained mutation: You have claws for hands. [demonic ancestry]
 11829 | IceCv    | Reached XP level 12. HP: 82/94 MP: 13/18
 11844 | IceCv    | Killed a frost giant
 11844 | IceCv    | Reached skill level 11 in Axes
 11854 | IceCv    | Received a gift from Okawaru
 12115 | D:12     | Found Estie's Antique Armour Shop.
 12139 | D:12     | Noticed Sonja
 12161 | D:12     | Killed Sonja
 12398 | D:12     | Noticed Urug
 12441 | D:12     | Killed Urug
 12669 | D:12     | Noticed Gastronok
 12693 | D:12     | Killed Gastronok
 12753 | D:13     | Found Oliprapn's Jewellery Emporium.
 12850 | D:13     | Found a runed door.
 12850 | D:13     | Noticed an ice dragon
 12851 | D:13     | Noticed a fire dragon
 12852 | D:13     | Found the +2 shield of Resistance {rF+ rC+ MR+}
 12852 | D:13     | Found Modghaal's Food Shoppe.
 12852 | D:13     | Noticed a fire dragon
 12852 | D:13     | Noticed an ice dragon
 12883 | D:13     | Noticed a centaur warrior
 12902 | D:13     | Killed a centaur warrior
 12922 | D:13     | Got a smoking buckler
 12936 | D:13     | Identified the +3 buckler "Xuihaweken" {Dex+3 SInv} (You found it on level 13 of the Dungeon)
 12944 | D:13     | Reached skill level 5 in Evocations
 13042 | D:13     | Noticed a centaur warrior
 13060 | D:13     | Killed a centaur warrior
 13408 | D:10     | Killed Shaidar's ghost
 13408 | D:10     | Received a gift from Okawaru
 13416 | D:10     | Got a jewelled broad axe {god gift}
 13424 | D:10     | Identified the +2 broad axe "Siaxeabi" {freeze, Int+3} (Okawaru gifted it to you on level 10 of the Dungeon)
 13476 | D:10     | Got the ring of Yendor {Fire}
 13477 | D:10     | Identified the ring of Yendor {Fire -Tele rN++ Str+2 Int-4 Dex+3} (You found it on level 10 of the Dungeon)
 13646 | D:8      | Reached XP level 13. HP: 103/103 MP: 19/19
 13847 | D:8      | Killed Drachen's ghost
 13847 | D:8      | Reached skill level 12 in Axes
 14249 | D:11     | Reached skill level 10 in Fighting
 14270 | D:11     | Found a staircase to the Orcish Mines.
 14772 | Orc:1    | Entered Level 1 of the Orcish Mines
 14987 | Orc:1    | Received a gift from Okawaru
 15576 | Orc:2    | Entered Level 2 of the Orcish Mines
 15642 | Orc:2    | Was placed under penance by Okawaru
 15853 | Orc:2    | Was forgiven by Okawaru
 16025 | Orc:2    | Reached skill level 5 in Dodging
 16034 | Orc:2    | Found a staircase to the Elven Halls.
 16164 | Orc:2    | Found Sorch's Weapon Emporium.
 16489 | Orc:2    | Found Kamymeam's Food Emporium.
 16621 | Orc:1    | Paralysed by an orc sorcerer for 4 turns
 16831 | Orc:2    | Found Symoople's Magic Scroll Shop.
 16831 | Orc:2    | Found Venogawn's General Store.
 17388 | D:13     | Found a runed door.
 17405 | D:13     | Found Daefonir's Armour Shoppe.
 17414 | D:13     | You fall through a shaft for 2 floors!
 17414 | D:15     | Entered Level 15 of the Dungeon
 17606 | D:15     | Reached XP level 14. HP: 108/111 MP: 12/20
 17627 | D:15     | Found a staircase to the Depths.
 17670 | D:15     | Reached skill level 13 in Axes
 17723 | D:14     | Found a shadowy altar of Dithmenos.
 17862 | D:14     | Noticed a sphinx
 17878 | D:14     | Killed a sphinx
 17878 | D:14     | Received a gift from Okawaru
 18034 | D:14     | Reached skill level 10 in Shields
 18206 | D:14     | Found a gate to the Vaults.
 18221 | D:14     | Reached skill level 10 in Armour
 18447 | D:14     | Received a gift from Okawaru
 18474 | D:14     | Noticed Josephine
 18482 | D:14     | Killed Josephine
 18581 | D:12     | Bought the -2 hat of the Alchemist {rElec rPois rF+ rC+ rN+ MR+ rMut rCorr} for 1132 gold pieces
 18581 | D:12     | Found the -2 hat of the Alchemist {rElec rPois rF+ rC+ rN+ MR+ rMut rCorr}
 19807 | D:15     | Received a gift from Okawaru
 20106 | D:15     | Reached XP level 15. HP: 100/119 MP: 19/21
 20568 | Lair:1   | Entered Level 1 of the Lair of Beasts
 20864 | Lair:1   | Noticed Grum
 20876 | Lair:1   | Killed Grum
 20894 | Lair:1   | Received a gift from Okawaru
 20927 | Lair:1   | Reached skill level 14 in Axes
 21501 | Lair:2   | Found a staircase to the Shoals.
 22447 | Lair:3   | Received a gift from Okawaru
 22457 | Lair:3   | Got a smoking plate armour {god gift}
 22468 | Lair:3   | Identified the +0 plate armour of the Worm {-Tele MR+ rCorr} (Okawaru gifted it to you on level 3 of the Lair of Beasts)
 23289 | Lair:4   | Found a staircase to the Snake Pit.
 25098 | Lair:6   | Entered Level 6 of the Lair of Beasts
 25306 | Lair:6   | Received a gift from Okawaru
 25307 | Lair:6   | Gained mutation: Your magical and physical power is slightly enhanced at high health. [demonic ancestry]
 25307 | Lair:6   | Reached XP level 16. HP: 96/127 MP: 14/22
 25655 | Lair:6   | Identified the Papyrus of Arcane Weapons
 25887 | Lair:6   | Reached skill level 15 in Axes
 26032 | Lair:6   | Received a gift from Okawaru
 26218 | Lair:6   | Found a staircase to the Slime Pits.
 26219 | Lair:6   | Found a viscous altar of Jiyva.
 26548 | Snake:1  | Entered Level 1 of the Snake Pit
 26548 | Snake:1  | Noticed Asterion
 26557 | Snake:1  | Noticed an Executioner
 26563 | Snake:1  | Killed Asterion
 27635 | Snake:2  | Received a gift from Okawaru
 27910 | Snake:2  | Reached skill level 10 in Evocations
 27990 | Snake:2  | Found Soesch's Jewellery Shoppe.
 27992 | Snake:2  | Found Jafuthou's Gadget Boutique.
 27993 | Snake:2  | Found Cousigoe's Jewellery Shoppe.
 28577 | Snake:3  | Gained mutation: Your movements are significantly less encumbered by armour. (ER -6) [demonic ancestry]
 28577 | Snake:3  | Reached XP level 17. HP: 36/135 MP: 5/24
 28974 | Snake:3  | Got a crude turquoise ring
 28975 | Snake:3  | Identified the ring of Donount {rCorr rElec} (You took it off a naga on level 3 of the Snake Pit)
 29026 | Snake:3  | Found Tidd's Antique Armour Shoppe.
 29034 | Snake:3  | Noticed Saint Roka
 29249 | Snake:3  | Noticed Saint Roka
 29249 | Snake:3  | Saint Roka changed into Saint Roka the frost giant
 29268 | Snake:3  | Killed Saint Roka the frost giant
 29268 | Snake:3  | Received a gift from Okawaru
 29370 | Snake:3  | Found Wuddis's Gadget Shop.
 29497 | Snake:3  | Found Usicw's Antique Armour Shoppe.
 29658 | Snake:4  | Entered Level 4 of the Snake Pit
 29658 | Snake:4  | Found Sihuohats's Weapon Shoppe.
 30021 | Snake:4  | Found a shimmering altar of Xom.
 30124 | Snake:4  | Noticed Vashnia
 30696 | Snake:4  | Reached skill level 16 in Axes
 30837 | Snake:4  | Killed Vashnia
 32188 | Snake:4  | Reached skill level 10 in Dodging
 32273 | Snake:4  | Reached XP level 18. HP: 131/144 MP: 26/26
 32436 | Snake:4  | Got a serpentine rune of Zot
 32869 | Vaults:1 | Entered Level 1 of the Vaults
 32938 | Vaults:1 | Found Keam's Book Shop.
 32949 | Vaults:1 | Received a gift from Okawaru
 32973 | Vaults:1 | Found a flickering gateway to a bazaar.
 32999 | Bazaar   | Entered a bazaar
 32999 | Bazaar   | Found Jailamib's Antique Armour Shop.
 33006 | Bazaar   | Bought a pair of scorched boots for 342 gold pieces
 33016 | Bazaar   | Identified the +0 pair of boots of the Gravedigger {rN++ rCorr Int+3 Dex-4} (You bought it in a shop in a bazaar)
 33035 | Bazaar   | Found Natsutiw's Distillery.
 33043 | Bazaar   | Bought a potion of curing for 48 gold pieces
 33055 | Bazaar   | Found Rufai's Antique Weapon Shop.
 33083 | Bazaar   | Bought a potion of curing for 48 gold pieces
 33083 | Bazaar   | Bought a potion of curing for 48 gold pieces
 33083 | Bazaar   | Bought a potion of curing for 48 gold pieces
 33083 | Bazaar   | Bought a potion of haste for 160 gold pieces
 33083 | Bazaar   | Bought a potion of curing for 48 gold pieces
 33083 | Bazaar   | Bought a potion of haste for 160 gold pieces
 33083 | Bazaar   | Bought a potion of curing for 48 gold pieces
 33083 | Bazaar   | Bought a potion of haste for 160 gold pieces
 33180 | Vaults:1 | Found Bashrivi's Magic Scroll Boutique.
 33673 | Vaults:1 | Got an ichor-stained ring mail {god gift}
 33676 | Vaults:1 | Identified the +5 ring mail "Meijomue" {MP-9 Dex+5} (Okawaru gifted it to you on level 1 of the Vaults)
 33713 | Vaults:1 | Got a bronze plate armour
 33715 | Vaults:1 | Identified the cursed +1 plate armour of Uskayaw's Generosity {rC- rCorr Str+7} (You found it on level 1 of the Vaults)
 34739 | Depths:1 | Entered Level 1 of the Depths
 34745 | Depths:1 | Found a gateway to Hell.
 34779 | Depths:1 | Received a gift from Okawaru
 34803 | Depths:1 | Reached skill level 17 in Axes
 35616 | Depths:1 | Received a gift from Okawaru
 35735 | Depths:1 | Found a one-way gate leading to the halls of Pandemonium.
 35909 | Depths:1 | Found a one-way gate to the infinite horrors of the Abyss.
 36318 | Hell     | Entered the Vestibule of Hell
 36318 | Hell     | Noticed Geryon
 36383 | Depths:1 | Gained mutation: A demonic guardian rushes to your aid. [demonic ancestry]
 36383 | Depths:1 | Reached XP level 19. HP: 132/152 MP: 21/27
 37161 | Depths:2 | Noticed a juggernaut
 37254 | Depths:2 | Hit by a large rock thrown by a stone giant

Skill      XL: |  1  2  3  4  5  6  7  8  9 10 11 12 13 14 15 16 17 18 19 |
---------------+----------------------------------------------------------+-----
Axes           | 2 3 4 5 8 9 10 11 12 13 14 15 16 17 | 17.5
Shields        | 3 4 6 7 8 9 10 11 12 13 | 13.2
Armour         | 3 4 6 7 8 9 10 11 12 13 | 13.1
Fighting       | 4 5 7 8 9 10 11 12 13 14 | 14.2
Invocations    | 1 6 7 8 |  8.4
Dodging        | 3 4 5 6 8 9 10 11 | 11.0
Evocations     | 3 5 6 8 9 10 11 12 | 12.1

Action                   |  1- 3 |  4- 6 |  7- 9 | 10-12 | 13-15 | 16-18 | 19-21 || total
-------------------------+-------+-------+-------+-------+-------+-------+-------++-------
Melee: War axe           |   136 |   212 |   409 |   991 |       |       |       ||  1748
       Broad axe         |       |       |       |    25 |  1645 |  1472 |   132 ||  3274
       Scimitar          |       |       |       |       |    53 |    10 |       ||    63
Invok: Heroism           |       |       |       |    15 |    26 |    45 |     5 ||    91
       Finesse           |       |       |       |     5 |     4 |    11 |     3 ||    23
Evoke: Wand              |       |       |       |    20 |       |    28 |     2 ||    50
       Phial of floods   |       |       |       |       |       |     1 |     1 ||     2
  Use: Scroll            |     4 |     1 |     5 |    16 |     8 |    19 |     1 ||    54
       Potion            |     1 |     1 |     3 |     3 |     1 |     5 |     1 ||    15
 Stab: Distracted        |       |       |     2 |    13 |    13 |    21 |       ||    49
       Sleeping          |       |       |       |       |     6 |     4 |       ||    10
       Petrifying        |       |       |       |       |     1 |       |       ||     1
       Petrified         |       |       |       |       |     1 |       |       ||     1
  Eat: Chunk             |     1 |     6 |    13 |    24 |    37 |    19 |     3 ||   103
       Ration            |       |       |     1 |       |     1 |     5 |       ||     7
Armor: Scale mail        |   100 |    88 |   159 |   391 |   383 |   230 |    23 ||  1374
       Skin              |       |    30 |       |       |    17 |       |       ||    47
Dodge: Dodged            |    38 |    63 |   142 |   460 |   859 |   782 |    81 ||  2425
Block: Shield            |    87 |    93 |   189 |   571 |       |       |       ||   940
       Buckler           |       |       |       |    58 |   902 |   706 |    59 ||  1725
       Rpst.: Scimitar   |       |       |       |       |    12 |       |       ||    12
